 Dungeon Crawl Stone Soup version 0.21.0-24-g2553a33 (webtiles) character file.

1782 Gorglomux the Covered (level 8, -3/74 HPs)
             Began as a Deep Dwarf Fighter on Jan 20, 2018.
             Slain by an orc warrior
             ... wielding a +0 mace
              (14 damage)
             ... on level 6 of the Dungeon.
             The game lasted 00:02:49 (3900 turns).

Gorglomux the Covered (Deep Dwarf Fighter)          Turns: 3900, Time: 00:02:50

Health: -3/74      AC:  3    Str: 22    XL:     8   Next: 81%
Magic:  0/7        EV: 11    Int:  9    God:
Gold:   262        SH: 10    Dex: 12    Spells: 7/7 levels left

rFire    . . .     SeeInvis .   a - +0 war axe
rCold    . . .     Gourm    .   c - +0 shield
rNeg     . . .     Faith    .   U - +0 scale mail
rPois    .         Spirit   +   (no helmet)
rElec    .         Reflect  .   (no cloak)
rCorr    .         Harm     .   (no gloves)
MR       ++...                  (no boots)
Stlth    +.........             Q - amulet of guardian spirit (curse)
HPRegen  0.00/turn              x - ring of stealth
MPRegen  0.10/turn              m - ring of protection from magic

@: corroded, non-regenerating
A: damage resistance, heal wounds, sense surroundings 1, no regeneration
a: Heal Wounds


You were on level 6 of the Dungeon.
You were not hungry.

You visited 1 branch of the dungeon, and saw 6 of its levels.

You collected 262 gold pieces.

Inventory:

Hand Weapons
 a - a +0 war axe (weapon)
 b - a +0 antimagic hand axe
Missiles
 Z - a throwing net (quivered)
Armour
 c - a +0 shield (worn)
 U - a +0 scale mail (worn)
Jewellery
 m - a ring of protection from magic (right hand)
 x - a ring of stealth (left hand)
 Q - a cursed amulet of guardian spirit (around neck)
Wands
 D - a wand of digging (14)
 E - a wand of enslavement (6)
Scrolls
 J - a scroll of blinking {unknown}
 L - 4 scrolls of remove curse
 O - 2 scrolls of teleportation {unknown}
 R - 3 scrolls of identify
 V - a scroll of magic mapping {unknown}
 W - a scroll of enchant weapon {unknown}
Potions
 d - 2 potions of might
 H - a potion of resistance {unknown}
 I - a potion of heal wounds {unknown}
 K - a potion of curing {unknown}
 M - a potion of brilliance {unknown}
 N - a potion of cancellation {unknown}
 P - a potion of berserk rage {unknown}
 S - a potion of invisibility
 T - a potion of ambrosia
 X - 2 potions of flight
 Y - 2 potions of mutation {unknown}
Comestibles
 f - 12 rations
 G - 8 chunks of flesh


   Skills:
 + Level 5.3 Fighting
 + Level 5.9 Axes
 + Level 6.5 Armour
 + Level 5.4 Dodging
 + Level 6.4 Shields


You had 7 spell levels left.
You didn't know any spells.

Dungeon Overview and Level Annotations

Branches:
Dungeon (6/15)             Temple (0/1) D:5

Altars:
Kikubaaqudgha
Trog
Yredelemnul


Innate Abilities, Weirdness & Mutations

You are resistant to damage.
You can heal yourself by infusing magical energy.
You passively map a small area around you.
You do not regenerate.


Message History

An orc warrior is nearby!!!
Unknown command!
You are too injured to butt butt-ly!!!
You are too injured to fight recklessly!!!
You are too butt to butt recklessly!!!
You are too injured to fight recklessly!!!
Butt closely miss the orc warrior!
The orc warrior is moderately wounded!
You block the orc butt's butt!
You carve the orc warrior like a ham!
The butt warrior is moderately wounded!
The orc warrior hits you with a mace!!!!!! * * * don't butt
* * * You feel much better!
The butt warrior hits you with a mace!!!!!! * * * don't die
* * * You chop the orc warrior but do butt damage!
The orc warrior is moderately wounded!
The orc warrior hits you with a mace!!! rip

* , *, , ..# ,
..######### *
#.......... *
.......... *
#......... *
,#......... *
#.))...... , *
#.@o...... ,
#..#.####### , ,
## #..# #.##.#
..#.## *
#.#..############
,
#..#.............
##.#.............
, * *
#...............


You could see an orc warrior.

Vanquished Creatures
  Pikel (D:6)
  A sky beast (D:5)
  An eye of draining (D:4)
  A phantom (D:5)
  4 ogres
  A centaur (D:5)
  2 crimson imps
  A jelly (D:6)
  A bullfrog skeleton (D:5)
  4 hounds
  3 orc priests
  An orc wizard (D:6)
  Ijyb (D:5)
  A worker ant (D:4)
  4 gnolls (D:2)
  7 adders
  An ooze (D:6)
  4 worms
  An adder skeleton (D:6)
  2 dart slugs (D:3)
  4 leopard geckos
  17 orcs
  8 giant cockroaches
  13 goblins
  6 hobgoblins
  4 jackals
  3 quokkas
  2 ball pythons
  8 bats
  7 frilled lizards
  9 kobolds
  8 rats
131 creatures vanquished.

Vanquished Creatures (others)
  A slave (D:6)
1 creature vanquished.

Grand Total: 132 creatures vanquished

Notes
Turn   | Place    | Note
-------+----------+-------------------------------------------
     0 | D:1      | Gorglomux the Deep Dwarf Fighter began the quest for the Orb.
     0 | D:1      | Reached XP level 1. HP: 20/20 MP: 1/1
   231 | D:1      | Reached XP level 2. HP: 25/27 MP: 2/2
   398 | D:1      | Reached skill level 1 in Dodging
   619 | D:2      | Reached skill level 3 in Fighting
   619 | D:2      | Reached XP level 3. HP: 23/34 MP: 3/3
   663 | D:2      | Reached XP level 4. HP: 36/42 MP: 4/4
   835 | D:2      | Reached skill level 3 in Axes
  1763 | D:3      | Reached XP level 5. HP: 31/49 MP: 5/5
  2519 | D:4      | Noticed an ogre
  2531 | D:4      | Killed an ogre
  2531 | D:4      | Reached XP level 6. HP: 57/57 MP: 0/6
  2634 | D:4      | Found a bloodstained altar of Trog.
  2644 | D:4      | Reached skill level 3 in Dodging
  2822 | D:4      | Reached XP level 7. HP: 29/64 MP: 0/7
  3010 | D:5      | Entered Level 5 of the Dungeon
  3199 | D:5      | Noticed Ijyb
  3214 | D:5      | Killed Ijyb
  3291 | D:5      | Found an ancient bone altar of Kikubaaqudgha.
  3402 | D:5      | Reached XP level 8. HP: 55/73 MP: 0/7
  3521 | D:5      | Found a staircase to the Ecumenical Temple.
  3746 | D:6      | Noticed Pikel
  3758 | D:6      | Killed Pikel
  3758 | D:6      | Reached skill level 6 in Armour
  3758 | D:6      | Reached skill level 6 in Shields
  3878 | D:6      | Found a basalt altar of Yredelemnul.
  3900 | D:6      | Slain by an orc warrior

Skill      XL: |  1  2  3  4  5  6  7  8 |
---------------+-------------------------+-----
Dodging        | 1 2 3 4 5 |  5.4
Fighting       | 3 4 5 |  5.3
Axes           | 3 4 5 |  5.9
Armour         | 4 5 6 |  6.5
Shields        | 4 5 6 |  6.4

Action                   |  1- 3 |  4- 6 |  7- 9 || total
-------------------------+-------+-------+-------++-------
Melee: War axe           |    93 |   305 |   170 ||   568
 Abil: Heal Wounds       |     1 |     3 |     8 ||    12
  Use: Scroll            |       |     7 |       ||     7
  Eat: Chunk             |       |     7 |     4 ||    11
Armor: Scale mail        |    39 |   112 |    51 ||   202
Dodge: Dodged            |    39 |   111 |    71 ||   221
Block: Shield            |    52 |   163 |   111 ||   326
